 Dungeon Crawl Stone Soup version 0.30-a0-953-g5f1da4a474 (webtiles) character file.

Game seed: 4931315015064129150

50 Aneyh the Trooper (level 3, -7/24 HPs)
             Began as a Tengu Monk on Mar 29, 2023.
             Killed from afar by an orc wizard (9 damage)
             ... with a puff of flame
             ... on level 3 of the Dungeon.
             The game lasted 00:03:14 (1446 turns).

Aneyh the Trooper (Tengu Monk)                      Turns: 1446, Time: 00:03:14

Health: -7/24      AC:  2    Str: 13    XL:     3   Next: 79%
Magic:  4/4        EV: 13    Int: 10    God:
Gold:   129        SH:  0    Dex: 16    Spells: 2/2 levels left

rFire   . . .      SeeInvis .    a - +0 hand axe
rCold   . . .      Faith    .    (no shield)
rNeg    . . .      Spirit   .    b - +0 robe
rPois   .          Reflect  .    (helmet restricted)
rElec   .          Rampage  .    (no cloak)
rCorr   .                        (no gloves)
Will    .....                    (boots unavailable)
Stlth   +                        (no amulet)
HPRegen 0.24/turn                (no ring)
MPRegen 0.09/turn                (no ring)

@: confused
A: beak, talons 3
a: no special abilities


You were on level 3 of the Dungeon.
You visited 1 branch of the dungeon, and saw 3 of its levels.

You collected 129 gold pieces.

Inventory:

Hand Weapons
 a - a +0 hand axe (weapon)
 l - a +0 rapier
Missiles
 p - 6 atropa-tipped darts (quivered)
Armour
 b - a +0 robe (worn)
Wands
 n - a wand of charming (4)
Scrolls
 d - 3 scrolls of enchant armour {unknown}
 e - a scroll of identify {unknown}
 g - a scroll of fog {unknown}
 h - a scroll of amnesia {unknown}
 i - a scroll of immolation {unknown}
 j - a scroll of noise {unknown}
 m - 2 scrolls of blinking {unknown}
 o - a scroll of teleportation {unknown}
Potions
 f - 3 potions of might {unknown}
 k - a potion of invisibility {unknown}
 q - a potion of cancellation {unknown}
 r - 2 potions of mutation {unknown}


   Skills:
 + Level 4.6 Fighting
 - Level 3.2 Axes
 - Level 3.2 Dodging
 - Level 2.0 Stealth


You had 2 spell levels left.
You didn't know any spells.
Your spell library was empty.

Dungeon Overview and Level Annotations

Branches:
Dungeon (3/15)

Altars:

Shops:
D:1 [


Innate Abilities, Weirdness & Mutations

You have a beak for a mouth.
You have claws for feet.


Message History

You closely miss something. Your kick misses something.
You completely miss something. Something barely misses you.
Something hits you but does no damage. x2; Something hits you.
Something hits you. Something barely misses you. Something hits you.
You hit something but do no damage. Your punch misses something.
You completely miss something.
You hear some strange, mumbled words.
You are more confused.
You hear some strange, mumbled words.
You are more confused.
Something hits you but does no damage.
You hear some strange, mumbled words.
Something tries to affect you, but you resist.
You barely miss something. Your kick misses something. You miss something.
Something hits you but does no damage. Something hits you.
Something hits you. x2
You closely miss something. Your kick misses something.
Your peck misses something. You hit something but do no damage.
You feel less invigorated. Something hits you. Something completely misses you.
Something barely misses you.
You hear some strange, mumbled words.
A magic dart appears from out of thin air!
The magic dart hits you.
You bump into the rock wall.
Something hits you. x2
Something completely misses you. Something hits you.
Something hits you but does no damage. Something barely misses you.
You closely miss something. Your kick misses something.
You hit something but do no damage. Something hits you but does no damage.
Something hits you. Something hits you.
* * * LOW HITPOINT WARNING * * *
Something hits you.
* * * LOW HITPOINT WARNING * * *
You hear some strange, mumbled words.
You are more confused.
You hear some strange, mumbled words.
A puff of flame appears from out of thin air!
The puff of flame hits you!
You die...

.... #.#.# ...
#.#.# .. #.#.#
####. #.#.#
#.#....###.#.#
.........#.#.#
#...###......#
#...{{..#....#
#.##.@..#.##.#
# ####......#
###.### ..#
###


There were no monsters in sight!

Vanquished Creatures
  An adder (D:2)
  A worm (D:2)
  2 dart slugs
  6 endoplasms
  3 giant cockroaches
  A goblin (D:1)
  A hobgoblin (D:2)
  2 quokkas (D:2)
  3 ball pythons
  5 bats
  3 frilled lizards (D:2)
  3 kobolds (D:1)
  2 rats (D:2)
33 creatures vanquished.

Notes
Turn   | Place    | Note
-------+----------+-------------------------------------------
     0 | D:1      | Aneyh the Tengu Monk began the quest for the Orb.
     0 | D:1      | Reached XP level 1. HP: 14/14 MP: 2/2
   226 | D:1      | Found Vubeh's Antique Armour Shoppe.
   234 | D:1      | Reached XP level 2. HP: 17/19 MP: 3/3
   741 | D:1      | Reached skill level 4 in Fighting
  1011 | D:2      | Reached XP level 3. HP: 22/24 MP: 4/4
  1446 | D:3      | Killed from afar by an orc wizard

Illustrated notes

Levels and vault maps discovered:
D:1:      matt_arrival_spirals, layout_loops_corners, serial_shops,
          nicolae_shop_advertising_works [nicolae_subvault_shop_adworks],
          minmay_tall_x
D:2:      layout_rooms, hangedman_decor_clover_reticule
D:3:      layout_basic, hellmonk_ecumenical_altar_run_dry,
          kennysheep_decorative_pillar, nicolae_concentric_dashed_squares_wild,
          minivault_26, item_on_display_a

Skill      XL: |  1  2 |
---------------+-------+-----
Fighting       | 4 |  4.6
Axes           | |  3.2
Dodging        | |  3.2
Stealth        | |  2.0

Action                     || total
---------------------------++-------
  Melee: Hand axe          ||    79
         Peck              ||    10
         Kick              ||    18
         Punch             ||     1
    Use: Potion            ||     1
   Stab: Sleeping          ||     4
 Armour: Robe              ||    23
  Dodge: Dodged            ||    49

Table legend: (Time is in decaauts)
 A = Elapsed time spent in this place.
 B = Non-inter-level travel time spent in this place.
 C = Inter-level travel time spent in this place.
 D = Time resting spent in this place.
 E = Time spent auto-exploring this place.
 F = Levels seen in this place.
 G = Mean time per level.
                   A        B        C        D        E       F      G
               +--------+--------+--------+--------+--------+-----+--------+
         Total |   1456 |   1419 |     37 |     48 |   1114 |   3 |  485.3 |
       Dungeon |   1456 |   1419 |     37 |     48 |   1114 |   3 |  485.3 |
               +--------+--------+--------+--------+--------+-----+--------+

Top non-repeatable levels by time:
     D:1: 993 daAuts
     D:2: 421 daAuts
     D:3: 41 daAuts
